 Dungeon Crawl Stone Soup version 0.31-a0-844-gdc52ec4e09 (webtiles) character file.

Game seed: 8059205770275343747

1 mcwallace the Sneak (level 1, -1/9 HPs)
             Began as a Spriggan Enchanter on Sept 29, 2023.
             Slain by a gnoll
             ... wielding a +0 club
              (7 damage)
             ... on level 1 of the Dungeon.
             The game lasted 00:00:53 (111 turns).

mcwallace the Sneak (Spriggan Enchanter)             Turns: 111, Time: 00:00:54

Health: -1/9       AC:  2    Str:  4    XL:     1   Next: 16%
Magic:  5/5        EV: 17    Int: 16    God:
Gold:   11         SH:  0    Dex: 15    Spells: 5/5 levels left

rFire   . . .        a - +1 dagger {short}
rCold   . . .        (no shield)
rNeg    . . .        b - +0 robe
rPois   .            (helmet restricted)
rElec   .            (no cloak)
rCorr   .            (gloves unavailable)
SInv    +            (boots unavailable)
Will    .....        (no amulet)
Stlth   +++          (no ring)
HPRegen 0.21/turn    (no ring)
MPRegen 0.09/turn

%: no passive effects
@: very quick
A: very small, no large weapons, unfitting armour, see invisible, speed 3
a: no special abilities


You were on level 1 of the Dungeon.
You visited 1 branch of the dungeon, and saw 1 of its levels.

You collected 11 gold pieces.


Innate Abilities, Weirdness & Mutations

You are very small and have problems with some larger weapons.
You are too small for most types of armour.
You have supernaturally acute eyesight. (SInv)
You cover ground extremely quickly. (Speed+++)


   Skills:
 + Level 0.0 Fighting
 + Level 1.1 Short Blades
 + Level 2.7 Dodging
 + Level 4.4 Stealth
 + Level 2.7 Spellcasting
 + Level 3.6 Hexes


You had 5 spell levels left.
You didn't know any spells.
Your spell library contained the following spells:

 Spells                   Type           Power      Damage    Failure   Level
 Confusing Touch          Hex            13%        N/A       13%         3
 Tukima's Dance           Hex            13%        N/A       13%         3
 Ensorcelled Hibernation  Hex/Ice        16%        N/A       14%         2
 Dazzling Flash           Conj/Hex       16%        N/A       26%         3

Inventory:

Hand Weapons
 a - a +1 dagger (weapon) {short}
Armour
 b - a +0 robe (worn)
Potions
 c - 2 potions of invisibility

Dungeon Overview and Level Annotations

Branches:
Dungeon (1/15) Zot: 5926

Altars:

#...>.......#
#...........###.
#..............
###..............
..............#
.......:......#
..............#
...####.......#
#.###@###
..####.###g##########
.........[...........#
..###...###..........#
#>..# #..........#
#.#.# #..........#
#.#.# #..........#
#.#.# ####......###
#.#.# #........#### #


You could see a gnoll.


Message History

🤖 Initializing magus.rc ...
Options error: Delay interrupt name "hungry" not recognised. (~/.crawlrc:4770) Bad monster_list_colour key: strict_neutral Bad channel name 'pray' for runrest: 'pray:' Options error: Missing colour in message_colour setting: 'that.*feels deathly cold' Options error: Missing colour in message_colour setting: 'and you must be Full or above to equip it' Options error: Missing colour in message_colour setting: 'but rights himself reflexively soon after' Options error: Missing colour in message_colour setting: 'before it is too late' ✅ Successfully initialized magus.rc [v1.9.6] Welcome, mcwallace the Spriggan Enchanter.
It's a long way down to the Orb of Zot, but that shouldn't be any trouble.
Press ? for a list of commands and other information.
Found a staircase leading out of the dungeon.
Okay, then.
You don't know any spells.
You now have 11 gold pieces.
Key pressed, stopping explore.
Found a stone staircase leading down.
A gnoll comes into view. It is wielding a +0 club.
A gnoll is nearby!
A gnoll is nearby!
Found an escape hatch in the floor.
The gnoll shouts!
You hear a shout!
The gnoll hits you with a +0 club!
Ouch! That really hurt!
* * * LOW HITPOINT WARNING * * *
😱 HP[-7]
You take 7 damage, and now have 2/9 hp.
MASSIVE DAMAGE!! (PAUSE)
The gnoll attacks as it pursues you! The gnoll hits you with a +0 club.
* * * LOW HITPOINT WARNING * * *
You see here a +0 scale mail. 😨 HP[+1]
A kobold comes into view. It is wielding a +0 dagger.
The kobold shouts!
You see here a +0 scale mail. 😨 HP[+1] 😮 HP[+1]
You hit the kobold.
The kobold completely misses you. 😮 HP[+1]
You enter the shallow water.
Moving in this stuff is going to be slow. 😕 HP[+1] 😕 HP[+1] 😎 HP[+1]
Your hp is fully restored (9).
You hit the kobold.
You kill the kobold!
You hit the gnoll. The gnoll barely misses you.
You closely miss the gnoll. The gnoll completely misses you.
You hit the gnoll.
The gnoll hits you with a +0 club. 😮 HP[-3]
You take 3 damage, and now have 6/9 hp.
MASSIVE DAMAGE!! (PAUSE)
You closely miss the gnoll. The gnoll hits you with a +0 club!
Ouch! That really hurt!
You die...

Action                     || total
---------------------------++-------
  Melee: Dagger            ||     6
 Armour: Robe              ||     4
  Dodge: Dodged            ||     3

Levels and vault maps discovered:
D:1:      nicolae_arrival_washed_ashore, layout_basic,
          hellmonk_ecumenical_altar_leap_of_faith

Notes
Turn   | Place    | Note
-------+----------+-------------------------------------------
     0 | D:1      | mcwallace the Spriggan Enchanter began the quest for the
                  | Orb.
     0 | D:1      | Reached XP level 1. HP: 9/9 MP: 5/5
     0 | D:1      | magus.rc [v1.9.6]
    30 | D:1      | HP: 2/9 [gnoll/+0 club (7)]
   111 | D:1      | Slain by a gnoll

Vanquished Creatures
  A kobold (D:1)
1 creature vanquished.

Table legend:
 A = Non-vault XP
 B = Vault XP
 C = Vault XP percentage of total XP
 D = Non-vault monster count
 E = Vault monster count
 F = Vault count percentage of total count
                 A         B        C        D         E       F
            +---------+---------+-------+---------+---------+-------
      Total |       2 |       0 |   0.0 |       1 |       0 |   0.0
            +---------+---------+-------+---------+---------+-------
        D:1 |       2 |       0 |   0.0 |       1 |       0 |   0.0
            +---------+---------+-------+---------+---------+-------

Action                     || total
---------------------------++-------
  Melee: Dagger            ||     6
 Armour: Robe              ||     4
  Dodge: Dodged            ||     3

Illustrated notes

Table legend:
 A = Kills in this place as a percentage of kills in the entire game.
 B = Kills by you in this place as a percentage of kills by you in the entire game.
 C = Kills by friends in this place as a percentage of kills by friends in the entire game.
 D = Other kills in this place as a percentage of other kills in the entire game.
 E = Experience gained in this place as a percentage of experience gained in the entire game.
 F = Experience gained in this place divided by the number of levels of this place that you have seen.
                   A       B       C       D       E      F
               +-------+-------+-------+-------+-------+----------------------
         Total | 100.0 | 100.0 |   N/A |   N/A | 100.0 |   2.0
       Dungeon | 100.0 | 100.0 |   N/A |   N/A | 100.0 |   2.0
               +-------+-------+-------+-------+-------+----------------------

Table legend: (Time is in decaauts)
 A = Elapsed time spent in this place.
 B = Non-inter-level travel time spent in this place.
 C = Inter-level travel time spent in this place.
 D = Time resting spent in this place.
 E = Time spent auto-exploring this place.
 F = Levels seen in this place.
 G = Mean time per level.
                   A        B        C        D        E       F      G
               +--------+--------+--------+--------+--------+-----+--------+
         Total |     72 |     72 |      0 |      0 |     15 |   1 |   72.0 |
       Dungeon |     72 |     72 |      0 |      0 |     15 |   1 |   72.0 |
               +--------+--------+--------+--------+--------+-----+--------+

Top non-repeatable levels by time:
     D:1: 72 daAuts
